 Dungeon Crawl Stone Soup version 0.31-a0-1576-ga3383bade6 (webtiles) character file.

Game seed: 5774700273125291745

474 grandjackal the Chopper (level 6, -2/49 HPs)
             Began as a Demonspawn Gladiator on Jan 4, 2024.
             Was a Follower of Kikubaaqudgha.
             Slain by an orc
             ... wielding a +0 club
              (3 damage)
             ... on level 4 of the Dungeon.
             The game lasted 00:03:21 (2972 turns).

grandjackal the Chopper (Demonspawn Gladiator)      Turns: 2972, Time: 00:03:23

Health: -2/49      AC: 11    Str: 16    XL:     6   Next: 84%
Magic:  6/6        EV: 11    Int: 10    God:    Kikubaaqudgha [*.....]
Gold:   270        SH:  0    Dex: 15    Spells: 2/5 levels left

rFire   + . .        a - +0 war axe
rCold   . . .        (no shield)
rNeg    . . .        p - +0 ring mail
rPois   .            c - +0 helmet
rElec   .            (no cloak)
rCorr   .            k - +0 pair of gloves
SInv    .            (no boots)
Will    .....        (no amulet)
Stlth   +            h - ring of protection from fire
HPRegen 0.28/turn    s - +4 ring of protection
MPRegen 0.10/turn

%: no passive effects
@: brilliant, lethally poisoned (-2 -> -15), slowed, very slow
A: ignite blood 1, big brain 1, weakness stinger 2
a: Renounce Religion, Unearth Wretches


You were on level 4 of the Dungeon.
You worshipped Kikubaaqudgha.
Kikubaaqudgha was aware of your devotion.
You visited 1 branch of the dungeon, and saw 6 of its levels.

You collected 270 gold pieces.

Inventory:

Hand Weapons
 a - a +0 war axe (weapon)
Missiles
 d - 3 throwing nets (quivered)
 e - a javelin
Armour
 c - a +0 helmet (worn)
 k - a +0 pair of gloves (worn)
 p - a +0 ring mail (worn)
Jewellery
 h - a ring of protection from fire (left hand)
 m - a ring of magical power
 r - a ring of flight
 s - a +4 ring of protection (right hand)
Wands
 q - a wand of iceblast (7)
Scrolls
 b - 3 scrolls of amnesia {unknown}
 f - 7 scrolls of identify {unknown}
 g - 2 scrolls of teleportation {unknown}
 i - 2 scrolls of enchant armour {unknown}
 j - a scroll of vulnerability {unknown}
 l - a scroll of fear {unknown}
 n - a scroll of poison {unknown}


   Skills:
 + Level 4.5 Fighting
 + Level 4.6 Axes
 - Level 2.0 Throwing
 - Level 3.0 Dodging
 + Level 3.7 Necromancy


You had 2 spell levels left.
You knew the following spells:

 Your Spells              Type           Power      Damage    Failure   Level
a - Vampiric Draining     Necr           11%        2d6       43%         3

Your spell library contained the following spells:

 Spells                   Type           Power      Damage    Failure   Level
 Necrotise                Necr           44%        1d6       16%         1
 Cigotuvi's Dreadful Rot  Necr/Alch/Air  6%         N/A       54%         2
 Fugue of the Fallen      Necr           11%        N/A       43%         3
 Summon Forest            Summ/Tloc      0%         N/A       100%        5
 Summon Mana Viper        Hex/Summ       0%         N/A       100%        5
 Summon Cactus Giant      Summ           0%         N/A       100%        6


Dungeon Overview and Level Annotations

Branches:
Dungeon (6/15)             Temple (0/1) D:5

Altars:
Fedhas
Kikubaaqudgha
Xom

Shops:
D:1 :


Innate Abilities, Weirdness & Mutations

Your demonic aura sometimes causes spilled blood to erupt in flames.
You have an unusually large brain. (Int +2)
You have a tail ending in a sharp stinger.


Message History

The orc hits you with a +2 dagger of holy wrath.
You convulse.
You completely miss the orc. You tail-slap the orc.
The orc is lightly wounded.
The orc priest looks braver for a moment.
The orc closely misses you.
You hit the orc.
The orc is moderately wounded.
The orc priest invokes the aid of Beogh against you.
Beogh smites you! The orc barely misses you.
The orc hits you but does no damage.
You are too injured to fight recklessly!
You are too injured to fight recklessly!
You are too injured to fight recklessly!
You closely miss the orc.
The orc is moderately wounded.
You hit the orc but do no damage. The orc hits you but does no damage.
An orc comes into view.
It is wielding a +0 short sword and quivering curare-tipped darts.
The orc hits you but does no damage.
The orc shouts!
You slash the orc!
You kill the orc!
Kikubaaqudgha accepts your kill.
You closely miss the orc. The orc hits you but does no damage.
You closely miss the orc. The orc hits you but does no damage.
The orc priest mumbles some strange prayers to Beogh against you.
Beogh smites you!
* * * LOW HITPOINT WARNING * * *
The orc throws a curare-tipped dart.
The curare-tipped dart hits you.
You are lethally poisoned!
You have difficulty breathing.
* * * LOW HITPOINT WARNING * * *
You feel yourself slow down.
It was a potion of brilliance.
You feel clever all of a sudden.
* * * LOW HITPOINT WARNING * * *
You feel very sick. The orc hits you with a +0 club.
You die...
Kikubaaqudgha rasps: "You have failed me!
Welcome... death!"

.......).######
.......#.#
#.#.####.#
#....###.##
..........###
.#..........#
##.#.##..#.######...
#.#.##o).........#
...o...@...........
...o........#......
#.#####.......####.
.........#
.............
######)..##### #####


You could see an orc priest and 2 orcs.

Vanquished Creatures
  A sky beast (D:4)
  A phantom (D:6)
  A bullfrog (D:5)
  2 scorpions
  An iguana (D:5)
  4 adders
  A ribbon worm (D:2)
  8 orcs (D:4)
  4 ball pythons
  10 endoplasms
  A giant cockroach (D:3)
  5 goblins
  4 hobgoblins
  6 jackals (D:1)
  4 kobolds
  7 bats
  7 frilled lizards
  8 rats
75 creatures vanquished.

Notes
Turn   | Place    | Note
-------+----------+-------------------------------------------
     0 | D:1      | grandjackal the Demonspawn Gladiator began the quest for
                  | the Orb.
     0 | D:1      | Reached XP level 1. HP: 16/16 MP: 1/1
    84 | D:1      | Gained mutation: You have a small tail. [demonic ancestry]
    84 | D:1      | Reached XP level 2. HP: 12/22 MP: 2/2
   320 | D:1      | Gained mutation: You have an unusually large brain. (Int
                  | +2) [demonic ancestry]
   320 | D:1      | Reached XP level 3. HP: 28/28 MP: 3/3
   399 | D:1      | Found Wosmo's Book Shop.
   970 | D:2      | Found an ancient bone altar of Kikubaaqudgha.
  1082 | D:2      | Became a worshipper of Kikubaaqudgha
  1929 | D:3      | Reached skill level 1 in Necromancy
  1994 | D:3      | Gained mutation: You have a tail ending in a sharp stinger.
                  | [demonic ancestry]
  1994 | D:3      | Reached XP level 4. HP: 35/35 MP: 4/4
  2049 | D:3      | You fall into a shaft and drop 3 floors!
  2062 | D:6      | Noticed a phantom
  2079 | D:6      | Killed a phantom
  2080 | D:6      | Gained mutation: Your demonic aura sometimes causes spilled
                  | blood to erupt in flames. [demonic ancestry]
  2080 | D:6      | Reached XP level 5. HP: 14/41 MP: 5/5
  2188 | D:6      | Found a shimmering altar of Xom.
  2188 | D:6      | Noticed an ogre
  2191 | D:5      | Entered Level 5 of the Dungeon
  2296 | D:5      | Found a blossoming altar of Fedhas.
  2298 | D:5      | Found a staircase to the Ecumenical Temple.
  2450 | D:5      | Reached XP level 6. HP: 37/48 MP: 6/6
  2597 | D:4      | Reached * piety under Kikubaaqudgha
  2597 | D:4      | Received a gift from Kikubaaqudgha
  2602 | D:4      | Learned a level 3 spell: Vampiric Draining
  2809 | D:4      | Noticed a sky beast
  2945 | D:4      | Killed a sky beast
  2972 | D:4      | HP: 1/49 [poisoned by an orc (curare-tipped dart)]
  2972 | D:4      | Slain by an orc

Illustrated notes

Levels and vault maps discovered:
D:1:      co_arrival_random_square_maze, layout_basic, serial_shops, shop
D:2:      layout_loops_corners, basic_altar
D:3:      layout_loops_ring, minivault_14
D:4:      layout_loops_ring, kennysheep_generic_room_11, uniq_pikel
D:5:      layout_rooms, amcnicky_altar_gilded, elyvilon_altar_5, temple_green,
          uniq_sigmund
D:6:      layout_cave_pools, xom_confusion_cloud, nicolae_gozag_seed_capital,
          mainiacjoe_overflow_alcove_2, chequers_serial_rivers_room_b,
          serial_bayou_lagoon_b

Skill      XL: |  1  2  3  4  5 |
---------------+----------------+-----
Throwing       | 2 |  2.0
Axes           | 3 4 |  4.6
Dodging        | 3 |  3.0
Necromancy     | 1 2 3 |  3.7
Fighting       | 3 4 |  4.5

Action                     |  1- 3 |  4- 6 || total
---------------------------+-------+-------++-------
  Melee: War axe           |   107 |    91 ||   198
         Tailslap          |     8 |     6 ||    14
         Punch             |       |     1 ||     1
    Use: Potion            |       |     1 ||     1
   Stab: Sleeping          |     1 |       ||     1
 Armour: Leather armour    |    57 |       ||    57
         Ring mail         |    14 |    74 ||    88
  Dodge: Dodged            |    81 |    52 ||   133

Table legend: (Time is in decaauts)
 A = Elapsed time spent in this place.
 B = Non-inter-level travel time spent in this place.
 C = Inter-level travel time spent in this place.
 D = Time resting spent in this place.
 E = Time spent auto-exploring this place.
 F = Levels seen in this place.
 G = Mean time per level.
                   A        B        C        D        E       F      G
               +--------+--------+--------+--------+--------+-----+--------+
         Total |   3032 |   2964 |     68 |    609 |   1687 |   6 |  505.3 |
       Dungeon |   3032 |   2964 |     68 |    609 |   1687 |   6 |  505.3 |
               +--------+--------+--------+--------+--------+-----+--------+

Top non-repeatable levels by time:
     D:1: 976 daAuts
     D:2: 963 daAuts
     D:4: 429 daAuts
     D:5: 368 daAuts
     D:3: 148 daAuts
     D:6: 145 daAuts
